 Dungeon Crawl Stone Soup version 0.31-a0-208-gdb31a4691d (webtiles) character file.

Game seed: 5189208668694152788

411 Ofeo the Conjurer (level 6, -1/54 HPs)
             Began as an Armataur Reaver on June 28, 2023.
             Slain by a black bear (7 damage)
             ... on level 4 of the Dungeon.
             The game lasted 00:04:16 (4970 turns).

Ofeo the Conjurer (Armataur Reaver)                 Turns: 4970, Time: 00:04:16

Health: -1/54      AC: 15    Str: 20    XL:     6   Next: 58%
Magic:  10/10      EV:  4    Int: 13    God:
Gold:   191        SH:  0    Dex:  8    Spells: 10/11 levels left

rFire   . . .        p - +0 quarterstaff
rCold   . . .        (shield currently unavailable)
rNeg    . . .        f - +0 plate armour
rPois   .            s - +2 helmet
rElec   .            (no cloak)
rCorr   +            (no gloves)
SInv    .            (no barding)
Will    .....        (no amulet) Stlth
                     k - +4 ring of protection
HPRegen 0.29/turn    r - ring of resist corrosion
MPRegen 0.12/turn

%: roll
@: hasted, very quick
A: large, rugged brown scales 3, deformed body, armoured tail, roll, long
tongue, awkward tongue
a: no special abilities


You were on level 4 of the Dungeon.
You visited 1 branch of the dungeon, and saw 4 of its levels.

You collected 191 gold pieces.

Inventory:

Hand Weapons
 a - a +1 mace
 o - a +0 flail
 p - a +0 quarterstaff (weapon)
Armour
 b - a +0 leather armour
 f - a +0 plate armour (worn)
 s - a +2 helmet (worn)
Jewellery
 d - a ring of fire
 k - a +4 ring of protection (left hand)
 r - a ring of resist corrosion (right hand)
Wands
 m - a wand of iceblast (11) {@v4}
Scrolls
 c - 2 scrolls of fog {unknown}
 e - 5 scrolls of identify {unknown}
 j - a scroll of brand weapon {unknown}
 q - a scroll of enchant weapon
 t - a scroll of teleportation {unknown}
Potions
 i - a potion of invisibility
 l - 2 potions of brilliance {unknown}
 n - a potion of berserk rage {unknown}


   Skills:
 + Level 3.2 Fighting
 + Level 3.8 Maces & Flails
 + Level 2.6 Dodging
 + Level 3.0 Spellcasting
 + Level 3.8 Conjurations


You had 10 spell levels left.
You knew the following spells:

 Your Spells              Type           Power      Damage    Failure   Level
a - Kiss of Death         Conj/Necr      28%        2d7       98%         1

Your spell library contained the following spells:

 Spells                   Type           Power      Damage    Failure   Level
 Momentum Strike          Conj/Tloc      14%        3d8       99%         2
 Hailstorm                Conj/Ice       7%         3d4       100%        3


Dungeon Overview and Level Annotations

Branches:
Dungeon (4/15)
 Temple: D:4-7

Altars:
Elyvilon


Innate Abilities, Weirdness & Mutations

You are completely covered in rugged brown scales. (AC +3, +7% HP)
Armour fits poorly on your strangely shaped body.
You have a long armoured tail.
You roll when moving toward enemies. (Rampage)
Your long tongue fully drains potion bottles. (2x potion effects)
Your tongue gives you trouble enunciating. (1.5x scroll delay)


Message History

The black bear is almost dead.
The black bear goes berserk!
The goblin hits you but does no damage.
You hit the black bear.
The black bear is almost dead.
The black bear bites you! The black bear claws you. x2
The goblin hits you but does no damage. The black bear bites you!
The black bear claws you.
The black bear claws you but does no damage.
You take 26 damage, and have 22/54 hp.
MASSIVE DAMAGE!!
You are too injured to fight recklessly!
You are too injured to fight recklessly!
You are too injured to fight recklessly!
There are monsters nearby!
You closely miss the black bear.
The black bear is almost dead.
The black bear bites you but does no damage.
The black bear claws you. x2
* * * LOW HITPOINT WARNING * * *
The goblin hits you with a +0 dagger.
* * * LOW HITPOINT WARNING * * *
The black bear bites you!
* * * LOW HITPOINT WARNING * * *
The black bear claws you but does no damage. x2
You take 17 damage, and have 5/54 hp.
MASSIVE DAMAGE!!
You hit the black bear.
The black bear is almost dead.
The goblin hits you but does no damage.
The black bear bites you but does no damage.
The black bear claws you but does no damage.
The black bear completely misses you. The goblin hits you but does no damage.
It was a potion of magic.
Magic courses through your body.
You slurp down every last drop of the potion of magic!
The black bear barely misses you.
The black bear claws you but does no damage. x2
The black bear barely misses you.
The black bear claws you but does no damage. x2
It was a potion of haste.
You feel yourself speed up.
You slurp down every last drop of the potion of haste!
The black bear bites you!
You die...

#.........#..###.#
#.#######.#..# #.#
#.#..# #.#
#.#..###.#
#.######......#
............#.#
.........##.#.#
..#########.#.#
.....gh@...#
######W#.#.#
#.#.#.# ..#...#
##.###.# .. ... #.
#.## .. .#


You could see a black bear (berserk), a phantom and a goblin.

Vanquished Creatures
  2 scorpions (D:4)
  4 iguanas (D:4)
  2 orc wizards (D:3)
  6 adders
  A gnoll (D:3)
  A worm (D:2)
  7 orcs
  9 ball pythons
  5 bats
  5 endoplasms
  3 giant cockroaches
  5 goblins
  2 hobgoblins
  8 jackals
  4 kobolds
  A quokka (D:3)
  3 frilled lizards
  2 rats
70 creatures vanquished.

Notes
Turn   | Place    | Note
-------+----------+-------------------------------------------
     0 | D:1      | Ofeo the Armataur Reaver began the quest for the Orb.
     0 | D:1      | Reached XP level 1. HP: 18/18 MP: 3/3
   327 | D:1      | Reached XP level 2. HP: 25/25 MP: 4/4
   578 | D:1      | Found a faded altar of an unknown god.
  1413 | D:2      | Reached XP level 3. HP: 31/31 MP: 6/6
  2252 | D:3      | Reached XP level 4. HP: 10/39 MP: 7/7
  2958 | D:3      | Reached XP level 5. HP: 31/44 MP: 8/8
  3562 | D:4      | Found a white marble altar of Elyvilon.
  3826 | D:4      | Reached XP level 6. HP: 7/54 MP: 10/10
  4970 | D:4      | Slain by a black bear

Illustrated notes

Levels and vault maps discovered:
D:1:      minmay_arrival_three_doors, layout_basic,
          shapermc_ecumenical_altar_flowoftime
D:2:      layout_basic
D:3:      cheibrodos_old_hovel, layout_basic, serial_curves, eino_curves_03,
          eino_curves_03
D:4:      layout_basic, mainiacjoe_overflow_tiny_flanked,
          mainiacjoe_overflow_six_doors_small, serial_shops,
          nicolae_take_the_stairs, minmay_vboxes

Skill      XL: |  1  2  3  4  5  6 |
---------------+-------------------+-----
Fighting       | 2 3 |  3.2
Spellcasting   | 2 3 |  3.0
Conjurations   | 3 |  3.8
Maces & Flails | 3 |  3.8
Dodging        | 2 |  2.6

Action                     |  1- 3 |  4- 6 || total
---------------------------+-------+-------++-------
  Melee: Mace              |   121 |    15 ||   136
         Tailslap          |    19 |    11 ||    30
         Punch             |     2 |       ||     2
         Quarterstaff      |       |   127 ||   127
    Use: Potion            |     3 |     3 ||     6
         Scroll            |     3 |       ||     3
   Stab: Invisible         |       |     1 ||     1
 Armour: Plate armour      |    92 |   153 ||   245
         Leather armour    |     1 |       ||     1
  Dodge: Dodged            |    26 |    35 ||    61

Table legend: (Time is in decaauts)
 A = Elapsed time spent in this place.
 B = Non-inter-level travel time spent in this place.
 C = Inter-level travel time spent in this place.
 D = Time resting spent in this place.
 E = Time spent auto-exploring this place.
 F = Levels seen in this place.
 G = Mean time per level.
                   A        B        C        D        E       F      G
               +--------+--------+--------+--------+--------+-----+--------+
         Total |   5028 |   4895 |    133 |    667 |   3557 |   4 | 1257.0 |
       Dungeon |   5028 |   4895 |    133 |    667 |   3557 |   4 | 1257.0 |
               +--------+--------+--------+--------+--------+-----+--------+

Top non-repeatable levels by time:
     D:3: 1478 daAuts
     D:4: 1442 daAuts
     D:1: 1357 daAuts
     D:2: 749 daAuts
